Map: Prion Terraces

Players

TTS - Winner!

  • Race: Protoss Protoss
  • League: Diamond

CallMeSteve

  • Race: Zerg Zerg
  • League: Master

VOD

Have the link to the VOD?

Description

Time

  • Played on: Feb. 24, 2016, 2:25 a.m.
  • Length: 10:39
Show
View Real Time Build Order
Export as new Build Order

TTS Protoss - Winner!

Build Orders: Mass Adepts 

Get SALT Encoding   

  12  0:02  Probe (Chrono Boost)  
  13  0:13  Probe (Chrono Boost)  
  14  0:21  Pylon  
  14  0:23  Probe (Chrono Boost)  
  14  0:26  Pylon  
  15  0:44  Probe (Chrono Boost)  
  15  0:48  Gateway  
  16  0:55  Probe (Chrono Boost)  
  17  1:05  Probe (Chrono Boost)  
  17  1:06  Assimilator  
  17  1:11  Gateway  
  18  1:16  Probe (Chrono Boost)  
  19  1:26  Pylon, Probe (Chrono Boost)  
  20  1:35  Cybernetics Core  
  20  1:37  Probe (Chrono Boost)  
  21  1:47  Probe (Chrono Boost)  
  22  1:58  Probe (Chrono Boost)  
  23  2:03  Nexus  
  23  2:11  Adept (Chrono Boost)  
  27  2:17  Probe, Adept (Chrono Boost)  
  27  2:22  Warp Gate  
  28  2:28  Pylon  
  28  2:29  Probe  
  29  2:34  Assimilator  
  29  2:42  Adept (Chrono Boost)  
  31  2:46  Probe  
  31  2:47  Adept (Chrono Boost)  
  34  2:57  Pylon  
  34  2:59  Probe  
  35  3:11  Probe  
  36  3:17  Probe  
  37  3:23  Mothership Core  
  39  3:28  Probe  
  36  3:38  Probe  
  36  3:39  Gateway  
  37  3:44  Probe  
  34  3:49  Gateway, Probe  
  34  3:50  Adept (Chrono Boost)  
  34  3:54  Assimilator, Adept (Chrono Boost)  
  39  3:56  Probe  
  39  3:58  Gateway  
  40  4:06  Gateway  
  40  4:08  Probe  
  41  4:11  Twilight Council  
  41  4:14  Probe  
  42  4:20  Probe  
  42  4:23  Pylon  
  43  4:34  Probe  
  43  4:35  Pylon  
  43  4:36  Adept  
  42  4:43  Adept (Chrono Boost)  
  38  4:46  Adept x2 (Chrono Boost)  
  38  4:47  Probe  
  38  4:49  Probe  
  37  4:59  Probe  
  27  5:00  Probe  
  30  5:08  Sentry x2  
  30  5:11  Probe x2 (Chrono Boost)  
  36  5:20  Resonating Glaives (Chrono Boost)  
  36  5:24  Probe x2 (Chrono Boost)  
  36  5:35  Probe x2 (Chrono Boost)  
  38  5:36  Adept x2  
  42  5:45  Probe, Adept  
  42  5:46  Adept  
  47  5:51  Adept  
  49  5:58  Gateway  
  49  6:08  Adept x2  
  49  6:09  Adept  
  55  6:13  Adept  
  55  6:16  Adept  
  59  6:22  Pylon  
  59  6:25  Probe  
  59  6:27  Probe  
  61  6:47  Adept x2  
  61  6:48  Adept x3  
  61  6:51  Pylon  
  71  7:03  Robotics Facility  
  71  7:13  Adept  
  71  7:14  Adept x4  
  71  7:24  Adept  
  67  7:36  Probe  
  62  7:45  Adept x5  
  62  7:46  Probe, Adept  
  62  7:48  Probe  
  76  7:54  Assimilator  
  76  8:07  Immortal (Chrono Boost)  
  76  8:08  Probe  
  76  8:09  Probe  
  82  8:16  Pylon  
  68  8:30  Probe x2  
  68  8:42  Immortal (Chrono Boost)  
  68  8:47  Sentry  
  68  8:48  Stalker x5  
  66  9:15  Warp Prism (Chrono Boost), Adept x2, Sentry x2  
  66  9:16  Adept x2  
  80  9:21  Pylon  
  78  9:40  Adept x3, Sentry x2  
  78  9:41  Adept  
  90  9:49  Observer (Chrono Boost)  
  91  10:05  Adept x3  
  91  10:06  Adept x2  
  101  10:11  Pylon  
Show
View Real Time Build Order
Export as new Build Order

CallMeSteve Zerg 

Build Orders: Hatch First 

Get SALT Encoding   

  12  0:07  Drone  
  13  0:12  Drone  
  14  0:17  Extractor  
  14  0:18  Drone  
  15  0:23  Overlord  
  15  0:41  Drone x2  
  17  0:56  Hatchery  
  16  0:59  Drone  
  17  1:09  Drone, Extractor  
  17  1:14  Extractor  
  16  1:25  Drone  
  17  1:26  Spawning Pool  
  17  1:29  Drone  
  18  1:40  Drone  
  18  1:43  Drone  
  19  1:57  Drone  
  20  2:13  Metabolic Boost  
  20  2:17  Queen  
  20  2:18  Queen  
  24  2:24  Overlord  
  24  2:31  Drone x3  
  27  2:43  Zergling x2  
  27  2:44  Zergling x6  
  31  2:51  Spine Crawler  
  30  2:52  Spine Crawler  
  29  2:59  Queen  
  31  3:08  Evolution Chamber  
  26  3:45  Zergling x22  
  36  4:17  Overlord  
  33  4:51  Drone x3  
  33  4:52  Drone x9  
  37  5:09  Extractor  
  34  5:15  Drone x4  
  34  5:20  Spore Crawler  
  37  5:22  Spore Crawler  
  36  5:33  Drone  
  37  5:39  Roach Warren  
  36  5:43  Queen  
  36  5:45  Lair  
  36  5:47  Roach Warren  
  36  5:48  Extractor  
  36  5:49  Extractor  
  36  5:50  Drone x5  
  36  5:55  Spine Crawler  
  36  5:57  Extractor, Overlord x2  
  39  5:58  Overlord  
  39  6:00  Hatchery  
  39  6:02  Extractor  
  39  6:03  Zerg Missile Weapons Level 1  
  38  6:23  Roach  
  38  6:24  Roach x6  
  52  6:35  Drone  
  52  6:36  Drone x4  
  57  6:53  Roach x4  
  65  7:01  Glial Reconstitution  
  65  7:13  Roach  
  61  7:19  Roach  
  61  7:20  Roach  
  59  7:24  Roach  
  59  7:25  Roach x3  
  63  7:34  Roach x2  
  59  7:52  Roach x3  
  59  7:53  Spine Crawler  
  59  7:54  Spine Crawler  
  57  8:50  Drone x3  
  53  9:11  Drone x2  
  53  9:12  Drone x6  
  53  9:15  Overlord  
  59  9:27  Hatchery  
  58  9:38  Drone x2  
  58  9:39  Hydralisk Den  
  58  9:44  Overlord x8  
  59  10:02  Ravager  
  59  10:04  Ravager x11  
  59  10:05  Roach  
  59  10:06  Roach  
  75  10:09  Roach  
Tags
 
Add a new tag
Caveats
  • Supply blocks, unpowered buildings, or Contaminate may cause inaccurate times.
  • Supply counts are checked every 10 seconds.